 Dungeon Crawl Stone Soup version 0.24.0-2-g5b39cebb1c (webtiles) character file.

Game seed: 11818773095248544648, levelgen mode: deterministic

58 Mrkan the Skirmisher (level 4, 0/40 HPs)
             Began as a Hill Orc Fighter on Oct 31, 2019.
             Was a Follower of Uskayaw.
             Slain by a worker ant (4 damage)
             ... on level 2 of the Dungeon.
             The game lasted 00:02:28 (1817 turns).

Mrkan the Skirmisher (Hill Orc Fighter)             Turns: 1817, Time: 00:02:29

Health: 0/40       AC:  6    Str: 18    XL:     4   Next: 1%
Magic:  4/4        EV:  7    Int:  8    God:    Uskayaw [*.....]
Gold:   69         SH:  9    Dex: 11    Spells: 3/3 levels left

rFire    . . .     SeeInvis .   a - +0 war axe
rCold    . . .     Gourm    .   c - +0 shield
rNeg     . . .     Faith    .   b - +0 scale mail
rPois    .         Spirit   .   (no helmet)
rElec    .         Reflect  .   (no cloak)
rCorr    .         Harm     .   (no gloves)
MR       .....                  (no boots)
Stlth    ..........             (no amulet)
HPRegen  0.13/turn              (no ring)
MPRegen  0.09/turn              (no ring)

@: lethally poisoned (0 -> -5)
A: no striking features
a: Stomp, Renounce Religion


You were on level 2 of the Dungeon.
You worshipped Uskayaw.
Uskayaw was noncommittal.
You were not hungry.

You visited 1 branch of the dungeon, and saw 3 of its levels.

You collected 69 gold pieces.

Inventory:

Hand Weapons
 a - a +0 war axe (weapon)
Armour
 b - a +0 scale mail (worn)
 c - a +0 shield (worn)
Jewellery
 p - an uncursed amulet of harm {unknown}
Wands
 o - a wand of paralysis (8)
Scrolls
 e - 2 scrolls of remove curse {unknown}
 g - 3 scrolls of identify {unknown}
 h - a scroll of enchant armour {unknown}
 i - a scroll of random uselessness {unknown}
 k - a scroll of noise {unknown}
 m - a scroll of magic mapping {unknown}
Potions
 d - a potion of might
 j - a potion of mutation {unknown}
 l - 2 potions of lignification {unknown}
Comestibles
 f - 2 rations


   Skills:
 + Level 4.1 Fighting
 * Level 4.0 Axes
 + Level 3.6 Armour
 + Level 3.8 Shields
 + Level 0.0 Invocations


You had 3 spell levels left.
You didn't know any spells.
Your spell library was empty.

Dungeon Overview and Level Annotations

Branches:
Dungeon (3/15)

Altars:
Okawaru
Uskayaw


Message History

You climb upwards.
You feel sick.
There is a stone staircase leading down here.
You barely miss the worker ant.
The worker ant is severely wounded.
You feel sick. You block the worker ant's attack. x2
You closely miss the worker ant.
The worker ant is severely wounded.
You feel sick. The worker ant bites you.
* * * LOW HITPOINT WARNING * * *
The worker ant bites you.
* * * LOW HITPOINT WARNING * * *
You closely miss the worker ant.
The worker ant is severely wounded.
* * * LOW HITPOINT WARNING * * *
You feel sick. You block the worker ant's attack.
You closely miss the worker ant.
The worker ant is severely wounded.
* * * LOW HITPOINT WARNING * * *
You feel sick. The worker ant bites you.
You die...

#.##.......# #.##...###
#.##.......######.#....###
#.##......................
#..........###.##.#.#..###
####......## #......#..# #
######.# #.##.###..# #.#
#.##.# #..#
#.####.##.###..###
#@a...............
#####'####.##......###
#.......##.#######.#..
#....................#
#.........########.###
#.........### #....
#...........# ####.###
#...[...###รท# #......#
###########'###......#


You could see a worker ant.

Vanquished Creatures
  An adder (D:2)
  2 worms (D:2)
  A dart slug (D:2)
  An orc (D:3)
  7 bats
  2 giant cockroaches (D:2)
  3 goblins (D:2)
  4 hobgoblins
  4 jackals (D:2)
  3 kobolds
  3 quokkas (D:2)
  3 frilled lizards
  5 rats (D:2)
39 creatures vanquished.

Notes
Turn   | Place    | Note
-------+----------+-------------------------------------------
     0 | D:1      | Mrkan the Hill Orc Fighter began the quest for the Orb.
     0 | D:1      | Reached XP level 1. HP: 19/19 MP: 1/1
   304 | D:1      | Reached XP level 2. HP: 26/27 MP: 2/2
   721 | D:2      | Reached XP level 3. HP: 23/33 MP: 3/3
  1452 | D:2      | Found an iron altar of Okawaru.
  1545 | D:2      | Found a hide-covered altar of Uskayaw.
  1545 | D:2      | Noticed a +0 dagger
  1545 | D:2      | Noticed a +0 hand axe
  1571 | D:2      | Became a worshipper of Uskayaw the Reveler
  1804 | D:3      | Reached XP level 4. HP: 26/40 MP: 4/4
  1804 | D:3      | Reached * piety under Uskayaw
  1807 | D:3      | Reached ** piety under Uskayaw
  1817 | D:2      | Slain by a worker ant

Levels and vault maps discovered:
D:1:      dpeg_arrival_erosion, layout_rooms
D:2:      layout_basic, dancing_weapons_uskayaw, old_standard_altar
D:3:      layout_loops_ring, portal_sewer_entry_b

Skill      XL: |  1  2  3 |
---------------+----------+-----
Axes           | 3 4 |  4.0
Fighting       | 4 |  4.1
Armour         | |  3.6
Shields        | |  3.8

Action                   |  1- 3 |  4- 6 || total
-------------------------+-------+-------++-------
Melee: War axe           |   132 |     9 ||   141
  Eat: Chunk             |     3 |       ||     3
Armor: Scale mail        |    68 |     3 ||    71
Dodge: Dodged            |    39 |     1 ||    40
Block: Shield            |    73 |     7 ||    80
